 Dungeon Crawl Stone Soup version 0.22.0-38-g04b72b8 (webtiles) character file.

21872 Lew the Protected (level 12, -3/97 HPs)
             Began as a Gnoll Fighter on Aug 28, 2018.
             Was an Elder of Makhleb.
             Slain by a skeletal warrior
             ... wielding a +0 scimitar
             ... led by a skeletal warrior
              (9 damage)
             ... on level 12 of the Dungeon.
             The game lasted 00:51:12 (12159 turns).

Lew the Protected (Gnoll Fighter)                  Turns: 12159, Time: 00:51:13

Health: -3/97      AC: 21    Str: 26    XL:     12   Next: 94%
Magic:  0/23       EV: 18    Int: 13    God:    Makhleb [****..]
Gold:   181        SH:  0    Dex: 23    Spells: 26/26 levels left

rFire    + . .     SeeInvis +   K - +8 frozen axe "Frostbite" {freezing cloud, *Noise +Fly rC+}
rCold    + + .     Gourm    .   (shield currently unavailable)
rNeg     + . .     Faith    .   x - +3 plate armour of the Planets {-Tele rPois MR+++ Str+4}
rPois    +         Spirit   +   (no helmet)
rElec    +         Reflect  .   B - +0 cloak
rCorr    .         Harm     .   (no gloves)
MR       +++..     NoTele   +   A - +0 pair of boots
Stlth    +.........             w - amulet of guardian spirit
HPRegen  0.26/turn              N - ring "Hete" {rF+ rC+ rN+ Str-4 Int+3}
MPRegen  0.18/turn              s - ring "Olyc Hech" {rElec SInv}

@: mighty, agile, berserk cooldown, slowed, studying Armour, very slow
A: distributed training, fangs 1, strong nose
a: Minor Destruction, Lesser Servant of Makhleb, Major Destruction, Renounce
Religion, Evoke Flight


You were on level 12 of the Dungeon.
You worshipped Makhleb.
Makhleb was greatly pleased with you.
You were not hungry.

You visited 1 branch of the dungeon, and saw 12 of its levels.
You also visited: Labyrinth and Bailey.

You collected 793 gold pieces.
You spent 612 gold pieces at shops.

Inventory:

Hand Weapons
 b - a +2 short sword of holy wrath
 i - a +3 hand axe of electrocution
 k - a +4 scimitar of flaming
 r - a +2 flail of protection
 z - a +3 spear of venom
 K - the +8 frozen axe "Frostbite" (weapon) {freezing cloud, *Noise +Fly rC+}
   (You took it off a minotaur in a labyrinth)

   It has been specially enchanted to freeze those struck by it, causing extra
   injury to most foes and up to half again as much damage against particularly
   susceptible opponents.
   It can also slow down cold-blooded creatures.
   It protects you from cold.
   It lets you fly.
   It may make noises in combat.
Missiles
 L - 13 javelins (quivered)
Armour
 c - a +3 shield
 x - the +3 plate armour of the Planets (worn) {-Tele rPois MR+++ Str+4}
   (You found it on level 8 of the Dungeon)

   It affects your strength (+4).
   It protects you from poison.
   It affects your resistance to hostile enchantments.
   It prevents most forms of teleportation.
 A - a +0 pair of boots (worn)
 B - a +0 cloak (worn)
Jewellery
 e - an uncursed amulet of faith
 h - a +3 ring of dexterity
 s - the ring "Olyc Hech" (right hand) {rElec SInv}
   (You bought it in a shop on level 10 of the Dungeon)

   [ring of see invisible]

   It insulates you from electricity.
   It lets you see invisible.
 w - an amulet of guardian spirit (around neck)
 y - an uncursed ring of protection from fire
 F - an uncursed ring of wizardry
 N - the ring "Hete" (left hand) {rF+ rC+ rN+ Str-4 Int+3}
   (You found it in a labyrinth)

   [ring of strength]

   It affects your strength (-4).
   It affects your intelligence (+3).
   It protects you from fire.
   It protects you from cold.
   It protects you from negative energy.
Wands
 C - a wand of polymorph (49)
 I - a wand of iceblast (7)
 M - a wand of flame (35)
 O - a wand of random effects (22)
Scrolls
 j - 6 scrolls of teleportation
 n - 2 scrolls of remove curse
 o - a scroll of blinking
 t - a scroll of enchant armour
Potions
 d - 3 potions of curing
 p - a potion of cancellation
 u - 2 potions of flight
 D - a potion of heal wounds
 E - 2 potions of might
 G - a potion of invisibility
 H - a potion of brilliance
Books
 q - a manual of
Armour
 v - a manual of Armour
Miscellaneous
 a - a sack of spiders
 Q - a lightning rod (4/4)
Comestibles
 f - 25 rations


   Skills:
 + Level 10.0 Fighting
 + Level 7.6 Short Blades
 + Level 9.0 Long Blades
 + Level 7.6 Axes
 + Level 7.6 Maces & Flails
 + Level 7.6 Polearms
 + Level 7.6 Staves
 + Level 7.6 Slings
 + Level 7.6 Bows
 + Level 7.6 Crossbows
 + Level 7.6 Throwing
 + Level 11.5 Armour
 + Level 7.6 Dodging
 + Level 7.6 Stealth
 + Level 10.0 Shields
 + Level 7.6 Unarmed Combat
 + Level 7.6 Spellcasting
 + Level 6.3 Conjurations
 + Level 6.3 Hexes
 + Level 6.3 Charms
 + Level 6.3 Summonings
 + Level 6.3 Necromancy
 + Level 6.3 Translocations
 + Level 6.3 Transmutations
 + Level 6.3 Fire Magic
 + Level 6.3 Ice Magic
 + Level 6.3 Air Magic
 + Level 6.3 Earth Magic
 + Level 6.3 Poison Magic
 + Level 8.3 Invocations
 + Level 7.6 Evocations


You had 26 spell levels left.
You didn't know any spells.
Your spell library contained the following spells:

 Spells                   Type           Power        Failure   Level  Hunger
 Magic Dart               Conj           ###.         9%          1    None
 Blink                    Tloc           N/A          14%         2    #......
 Call Imp                 Summ           ###.....     14%         2    #......
 Slow                     Hex            ###.....     14%         2    #......
 Conjure Flame            Conj/Fire      ###.....     26%         3    ##.....
 Mephitic Cloud           Conj/Pois/Air  ###.....     26%         3    ##.....
 Animate Dead             Necr           N/A          65%         4    ####...
 Passage of Golubria      Tloc           N/A          65%         4    ####...
 Excruciating Wounds      Chrm/Necr      ###.......   94%         5    ######.
 Irradiate                Conj/Tmut      ###.......   94%         5    ######.
 Hydra Form               Tmut           ###.......   100%        6    #######
 Statue Form              Tmut/Erth      ###......    100%        6    #######
 Dragon Form              Tmut           ###.......   100%        7    #######
 Haunt                    Necr/Summ      ###.......   100%        7    #######
 Borgnjor's Revivificati  Necr           ###.......   100%        8    #######
 Death's Door             Chrm/Necr      ###.......   100%        8    #######
 Infestation              Necr           ###.......   100%        8    #######
 Necromutation            Tmut/Necr      ###.......   100%        8    #######


Dungeon Overview and Level Annotations

Branches:
Dungeon (12/15)            Temple (0/1) D:7            Lair (0/6) D:9
    Orc (0/2) D:9

Altars:
Ashenzari
Cheibriados
Dithmenos
Elyvilon
Gozag
Makhleb
Qazlal
Ru
Sif Muna
Uskayaw
Wu Jian
Xom
Yredelemnul
The Shining One

Shops:
D:10 =!*(


Innate Abilities, Weirdness & Mutations

Your experience applies equally to all skills.
You have very sharp teeth.
Your uncanny sense of smell can sniff out nearby items.


Message History

You slash the skeletal warrior! You freeze the skeletal warrior.
The skeletal warrior is heavily damaged.
The skeletal warrior is engulfed in freezing vapours.
The skeletal warrior hits you with a scimitar!
* * * LOW HITPOINT WARNING * * *
The skeletal warrior is engulfed in freezing vapours.
The skeletal warrior hits you but does no damage.
You slash the skeletal warrior! You freeze the skeletal warrior.
You bite the skeletal warrior, but do no damage.
The skeletal warrior is severely damaged.
The skeletal warrior hits you with a scimitar.
* * * LOW HITPOINT WARNING * * *
The skeletal warrior is engulfed in freezing vapours.
The skeletal warrior barely misses you.
You slash the skeletal warrior! Your bite misses the skeletal warrior.
The skeletal warrior is severely damaged.
The skeletal warrior hits you with a scimitar!
* * * LOW HITPOINT WARNING * * *
The skeletal warrior hits you with a scimitar!
You die...

*,*,,,,,,,,* *,*
*,*,,,,,,,,***,##############*
,,,,,,,>,,,+,,,#...zz.)......*
*,,,,,,,,,,****#.##########.#*
*,,*,,,,,,,,,,,#.#,,,,,,,,*,*
#.,*,,,,******,#.#,*****,**,*
#..*,,,,* #.#.#,*,,,*,**,*
#..#,,,,######.#z#,*,*,*,**,*
....,,,,#...##.#@#,,,*,*,**,*
.....####...##.#.#,***,*,**,*
.....#.......#.#.#,,,,,*,**,*
.....'.......#.#.#,*,,,*,**,*
[...##.......#.#.#,*,*,*,**,*
.................#,*,*,*,**,*
#..............###,*,*,*,**,*
##........#.####**,*,*,*,**,*
''........+...,,,,,*,*,*,**,*


You could see a skeletal warrior.

Vanquished Creatures
  Frances (D:12)
  A minotaur (Lab)
  A hydra (D:11)
  Erica (D:8)
  The ghost of jazmu the Fighter, a journeyman GrSu of Okawaru (D:11)
  5 two-headed ogres
  4 skeletal warriors (D:12)
  A spectral wolf spider (D:11)
  A cyclops (D:11)
  A manticore (D:11)
  A spectral centaur (D:11)
  A meliai zombie (D:10)
  Sigmund (D:3)
  14 yaks
  A hungry ghost (D:11)
  Edmund (D:6)
  A soldier ant (D:12)
  Duvessa (D:6)
  16 orc warriors
  2 sky beasts
  6 ogres
  An eye of draining (D:9)
  4 ice beasts
  4 centaurs
  2 phantoms
  A necrophage (D:11)
  A big kobold (D:10)
  5 bullfrogs
  Dowan (D:6)
  A killer bee (D:9)
  11 wights
  9 crimson imps
  3 centaur zombies
  A spectral bullfrog (D:11)
  3 bullfrog zombies
  4 quasits
  10 orc wizards
  6 orc priests
  5 jellies
  A bullfrog skeleton (D:12)
  3 centaur skeletons
  5 hounds
  Jessica (D:7)
  9 worker ants
  A killer bee zombie (D:6)
  A bullfrog simulacrum (D:11)
  A hound zombie (D:5)
  A hound skeleton (D:9)
  8 gnolls
  15 adders
  3 shadow imps
  An ooze (D:6)
  4 adder skeletons
  2 dart slugs
  6 leopard geckos
  37 orcs
  7 giant cockroaches
  8 hobgoblins
  8 jackals
  3 quokkas
  3 ball pythons
  9 bats
  4 frilled lizards
  9 goblins
  8 kobolds
  A leopard gecko skeleton (D:6)
  4 rats (D:1)
297 creatures vanquished.

Vanquished Creatures (collateral kills)
  An orc knight (Bailey)
  2 orc warriors (D:9)
  An ice beast (D:7)
  2 killer bees (D:9)
  A wight (D:9)
  Crazy Yiuf (D:7)
  5 orcs (D:9)
  A goblin (D:9)
  A hobgoblin (D:9)
15 creatures vanquished.

Grand Total: 312 creatures vanquished

Notes
Turn   | Place    | Note
-------+----------+-------------------------------------------
     0 | D:1      | Lew the Gnoll Fighter began the quest for the Orb.
     0 | D:1      | Reached XP level 1. HP: 23/23 MP: 1/1
    52 | D:1      | Reached XP level 2. HP: 29/29 MP: 2/2
    87 | D:2      | Found a faded altar of an unknown god.
   135 | D:2      | Became a worshipper of Makhleb the Destroyer
   135 | D:2      | Reached * piety under Makhleb
   546 | D:1      | Reached XP level 3. HP: 35/35 MP: 3/3
   699 | D:1      | Reached ** piety under Makhleb
   748 | D:1      | Reached skill level 1 in Invocations
  1038 | D:2      | Found a shattered altar of Ashenzari.
  1192 | D:2      | Found a snail-covered altar of Cheibriados.
  1195 | D:2      | Found a shadowy altar of Dithmenos.
  1198 | D:2      | Found a glowing golden altar of the Shining One.
  1336 | D:2      | Reached skill level 1 in Short Blades
  1336 | D:2      | Reached skill level 1 in Axes
  1336 | D:2      | Reached skill level 1 in Maces & Flails
  1336 | D:2      | Reached skill level 1 in Polearms
  1336 | D:2      | Reached skill level 1 in Staves
  1336 | D:2      | Reached skill level 1 in Slings
  1336 | D:2      | Reached skill level 1 in Bows
  1336 | D:2      | Reached skill level 1 in Crossbows
  1336 | D:2      | Reached skill level 1 in Throwing
  1336 | D:2      | Reached skill level 1 in Dodging
  1336 | D:2      | Reached skill level 1 in Stealth
  1336 | D:2      | Reached skill level 1 in Unarmed Combat
  1336 | D:2      | Reached skill level 1 in Spellcasting
  1336 | D:2      | Reached skill level 1 in Evocations
  1340 | D:2      | Reached XP level 4. HP: 38/41 MP: 5/5
  1358 | D:2      | Found a white marble altar of Elyvilon.
  1510 | D:3      | Noticed Sigmund
  1529 | D:3      | Killed Sigmund
  1529 | D:3      | Reached skill level 1 in Conjurations
  1529 | D:3      | Reached skill level 1 in Hexes
  1529 | D:3      | Reached skill level 1 in Charms
  1529 | D:3      | Reached skill level 1 in Summonings
  1529 | D:3      | Reached skill level 1 in Necromancy
  1529 | D:3      | Reached skill level 1 in Translocations
  1529 | D:3      | Reached skill level 1 in Transmutations
  1529 | D:3      | Reached skill level 1 in Fire Magic
  1529 | D:3      | Reached skill level 1 in Ice Magic
  1529 | D:3      | Reached skill level 1 in Air Magic
  1529 | D:3      | Reached skill level 1 in Earth Magic
  1529 | D:3      | Reached skill level 1 in Poison Magic
  1529 | D:3      | Reached XP level 5. HP: 35/47 MP: 5/7
  1594 | D:3      | Found a hide-covered altar of Uskayaw.
  1601 | D:3      | Reached XP level 6. HP: 52/53 MP: 8/8
  2121 | D:3      | Found a shimmering altar of Xom.
  2925 | D:4      | Found an opulent altar of Gozag.
  3097 | D:4      | Reached skill level 5 in Long Blades
  3209 | D:5      | Entered Level 5 of the Dungeon
  3414 | D:5      | Found a basalt altar of Yredelemnul.
  3447 | D:5      | Reached XP level 7. HP: 59/59 MP: 10/10
  3505 | D:5      | HP: 2/59 [poisoned by a gnoll]
  3837 | D:5      | Reached skill level 7 in Armour
  4189 | D:6      | Noticed Edmund
  4220 | D:6      | Killed Edmund
  4220 | D:6      | Reached XP level 8. HP: 34/67 MP: 12/12
  4410 | D:6      | Reached *** piety under Makhleb
  4759 | D:6      | Noticed Duvessa
  4759 | D:6      | Noticed Dowan
  4771 | D:6      | Killed Duvessa
  4775 | D:6      | Killed Dowan
  5003 | D:7      | Found a runed door.
  5053 | D:7      | Found an ornate altar of the Wu Jian Council.
  5315 | D:7      | Found a staircase to the Ecumenical Temple.
  5425 | D:7      | Noticed Jessica
  5432 | D:7      | Killed Jessica
  5435 | D:7      | Found a deep blue altar of Sif Muna.
  5473 | D:7      | Reached XP level 9. HP: 72/72 MP: 14/14
  5808 | D:7      | Noticed Crazy Yiuf
  5817 | D:7      | Killed Crazy Yiuf
  5900 | D:8      | Found a flagged portal.
  5925 | Bailey   | Entered a bailey
  6879 | Bailey   | Reached skill level 8 in Armour
  6919 | Bailey   | Found a roughly hewn altar of Beogh.
  6921 | Bailey   | Noticed an orc knight
  6926 | Bailey   | Reached skill level 5 in Invocations
  6948 | Bailey   | Killed an orc knight
  7133 | Bailey   | Reached XP level 10. HP: 36/80 MP: 17/17
  7562 | D:8      | Reached skill level 5 in Short Blades
  7562 | D:8      | Reached skill level 5 in Axes
  7562 | D:8      | Reached skill level 5 in Maces & Flails
  7562 | D:8      | Reached skill level 5 in Polearms
  7562 | D:8      | Reached skill level 5 in Staves
  7562 | D:8      | Reached skill level 5 in Slings
  7562 | D:8      | Reached skill level 5 in Bows
  7562 | D:8      | Reached skill level 5 in Crossbows
  7562 | D:8      | Reached skill level 5 in Throwing
  7562 | D:8      | Reached skill level 5 in Dodging
  7562 | D:8      | Reached skill level 5 in Stealth
  7562 | D:8      | Reached skill level 5 in Unarmed Combat
  7562 | D:8      | Reached skill level 5 in Spellcasting
  7562 | D:8      | Reached skill level 5 in Evocations
  7598 | D:8      | Noticed Erica
  7619 | D:8      | HP: 3/81 [something (9)]
  7619 | D:8      | HP: 1/81 [something (2)]
  7627 | D:8      | Killed Erica
  8028 | D:8      | Found a stormy altar of Qazlal.
  8035 | D:8      | Found a sacrificial altar of Ru.
  8189 | D:8      | Reached **** piety under Makhleb
  8202 | D:8      | Got a warped plate armour
  8203 | D:8      | Identified the +3 plate armour of the Planets {-Tele rPois MR+++ Str+4} (You found it on level 8 of the Dungeon)
  8371 | D:9      | Found a staircase to the Orcish Mines.
  8393 | D:9      | Reached skill level 9 in Armour
  8814 | D:9      | Found a staircase to the Lair.
  9153 | D:9      | Reached XP level 11. HP: 76/87 MP: 0/19
  9589 | D:10     | Entered Level 10 of the Dungeon
  9595 | D:10     | Noticed a two-headed ogre
  9608 | D:10     | Killed a two-headed ogre
  9749 | D:10     | Found Hegyque's Weapon Emporium.
  9757 | D:10     | Found Cinlod's General Store.
  9788 | D:10     | Reached skill level 5 in Conjurations
  9788 | D:10     | Reached skill level 5 in Hexes
  9788 | D:10     | Reached skill level 5 in Charms
  9788 | D:10     | Reached skill level 5 in Summonings
  9788 | D:10     | Reached skill level 5 in Necromancy
  9788 | D:10     | Reached skill level 5 in Translocations
  9788 | D:10     | Reached skill level 5 in Transmutations
  9788 | D:10     | Reached skill level 5 in Fire Magic
  9788 | D:10     | Reached skill level 5 in Ice Magic
  9788 | D:10     | Reached skill level 5 in Air Magic
  9788 | D:10     | Reached skill level 5 in Earth Magic
  9788 | D:10     | Reached skill level 5 in Poison Magic
  9814 | D:10     | Bought a scroll of identify for 24 gold pieces
  9899 | D:10     | Found Ekho Cil's Jewellery Emporium.
  9904 | D:10     | Bought the ring "Olyc Hech" {rElec SInv} for 348 gold pieces
 10069 | D:10     | Found Eloles's Distillery.
 10081 | D:10     | Bought a potion of might for 60 gold pieces
 10081 | D:10     | Bought a potion of degeneration for 15 gold pieces
 10081 | D:10     | Bought a potion of curing for 45 gold pieces
 10081 | D:10     | Bought 2 potions of might for 120 gold pieces
 10148 | D:10     | Noticed a two-headed ogre
 10154 | D:10     | Killed a two-headed ogre
 10154 | D:10     | Reached skill level 10 in Armour
 10224 | D:10     | Reached ***** piety under Makhleb
 10228 | D:10     | Noticed a two-headed ogre
 10234 | D:10     | Killed a two-headed ogre
 10711 | D:11     | Noticed a four-headed hydra
 10724 | D:11     | Killed a one-headed hydra
 10738 | D:11     | Found a runed gate.
 10741 | D:11     | Found a runed gate.
 10743 | D:11     | Found a runed gate.
 10769 | D:11     | Noticed jazmu's ghost (journeyman GrSu)
 10778 | D:11     | Noticed a manticore
 10782 | D:11     | Killed a manticore
 10859 | D:11     | Reached XP level 12. HP: 96/96 MP: 22/22
 10868 | D:11     | Noticed a two-headed ogre
 10874 | D:11     | Killed a two-headed ogre
 10904 | D:11     | Found a glowing golden altar of the Shining One.
 11533 | D:11     | Killed jazmu's ghost
 11666 | D:12     | Noticed a two-headed ogre
 11666 | D:12     | Noticed Frances
 11675 | D:12     | Found a labyrinth entrance.
 11705 | Lab      | Entered a labyrinth
 11811 | Lab      | Noticed a minotaur
 11825 | Lab      | Killed a minotaur
 11825 | Lab      | Reached skill level 11 in Armour
 11841 | Lab      | Identified the Grimoire of Orientation and Evil Rituals
 11842 | Lab      | Got a fine granite ring
 11844 | Lab      | Identified the cursed ring "Hete" {rF+ rC+ rN+ Str-4 Int+3} (You found it in a labyrinth)
 12055 | D:12     | Killed Frances
 12065 | D:12     | Killed a two-headed ogre
 12121 | D:12     | Reached skill level 10 in Fighting
 12121 | D:12     | Reached skill level 10 in Shields
 12159 | D:12     | Slain by a skeletal warrior

Skill      XL: |  1  2  3  4  5  6  7  8  9 10 11 12 |
---------------+-------------------------------------+-----
Invocations    | 1 2 3 4 5 6 7 8 |  8.3
Short Blades   | 1 2 3 4 5 6 7 |  7.6
Axes           | 1 2 3 4 5 6 7 |  7.6
Maces & Flails | 1 2 3 4 5 6 7 |  7.6
Polearms       | 1 2 3 4 5 6 7 |  7.6
Staves         | 1 2 3 4 5 6 7 |  7.6
Slings         | 1 2 3 4 5 6 7 |  7.6
Bows           | 1 2 3 4 5 6 7 |  7.6
Crossbows      | 1 2 3 4 5 6 7 |  7.6
Throwing       | 1 2 3 4 5 6 7 |  7.6
Dodging        | 1 2 3 4 5 6 7 |  7.6
Stealth        | 1 2 3 4 5 6 7 |  7.6
Unarmed Combat | 1 2 3 4 5 6 7 |  7.6
Spellcasting   | 1 2 3 4 5 6 7 |  7.6
Evocations     | 1 2 3 4 5 6 7 |  7.6
Conjurations   | 1 2 3 4 5 6 |  6.3
Hexes          | 1 2 3 4 5 6 |  6.3
Charms         | 1 2 3 4 5 6 |  6.3
Summonings     | 1 2 3 4 5 6 |  6.3
Necromancy     | 1 2 3 4 5 6 |  6.3
Translocations | 1 2 3 4 5 6 |  6.3
Transmutations | 1 2 3 4 5 6 |  6.3
Fire Magic     | 1 2 3 4 5 6 |  6.3
Ice Magic      | 1 2 3 4 5 6 |  6.3
Air Magic      | 1 2 3 4 5 6 |  6.3
Earth Magic    | 1 2 3 4 5 6 |  6.3
Poison Magic   | 1 2 3 4 5 6 |  6.3
Long Blades    | 5 6 7 8 9 |  9.0
Fighting       | 7 8 9 10 | 10.0
Armour         | 7 8 9 10 11 | 11.5
Shields        | 7 8 9 10 | 10.0

Action                   |  1- 3 |  4- 6 |  7- 9 | 10-12 || total
-------------------------+-------+-------+-------+-------++-------
Melee: Long sword        |    68 |       |       |       ||    68
       Bite              |     8 |     7 |    45 |   118 ||   178
       Dagger            |    24 |    23 |       |       ||    47
       Hand axe          |       |    36 |    56 |    83 ||   175
       Short sword       |       |    29 |    10 |    13 ||    52
       Spear             |       |       |   233 |       ||   233
       Flail             |       |       |    37 |       ||    37
       Scimitar          |       |       |       |   388 ||   388
       Executioner's axe |       |       |       |    53 ||    53
 Fire: Arbalest          |       |       |    14 |       ||    14
Invok: Lesser Servant of |       |       |     6 |     1 ||     7
Evoke: Wand              |       |       |     1 |    11 ||    12
       Sack of spiders   |       |       |       |     2 ||     2
  Use: Scroll            |       |     7 |    17 |    13 ||    37
       Potion            |       |       |     9 |     7 ||    16
 Stab: Sleeping          |       |       |     2 |     2 ||     4
       Invisible         |       |       |     2 |       ||     2
       Distracted        |       |       |       |     1 ||     1
  Eat: Chunk             |     1 |     7 |     4 |    10 ||    22
       Ration            |       |       |     3 |     2 ||     5
Armor: Scale mail        |    43 |    20 |   113 |    38 ||   214
       Plate armour      |       |       |       |   134 ||   134
Dodge: Dodged            |    36 |    20 |   111 |   149 ||   316
Block: Shield            |    54 |    54 |   260 |   343 ||   711
       Rpst.: Long sword |    13 |       |       |       ||    13
       Scimitar          |       |       |       |    28 ||    28
